 Dungeon Crawl Stone Soup version 0.25.1-2-g60ff931df9 (webtiles) character file.

Game seed: 12284865891899778258

155 Elvor the Shield-Bearer (level 5, 0/33 HPs)
             Began as a Gargoyle Fighter on Sept 23, 2020.
             Slain by Purgy (4 damage)
             ... on level 2 of the Dungeon.
             The game lasted 00:21:20 (2655 turns).

Elvor the Shield-Bearer (Gargoyle Fighter)          Turns: 2655, Time: 00:21:21

Health: 0/33       AC: 16    Str: 20    XL:     5   Next: 37%
Magic:  5/5        EV:  8    Int:  9    God:
Gold:   156        SH:  9    Dex:  9    Spells: 4/4 levels left

rFire    . . .     SeeInvis .   a - +0 flail
rCold    + . .     Gourm    .   c - +0 kite shield
rNeg     + . .     Faith    .   o - +2 ring mail {rPois}
rPois    ∞         Spirit   .   i - +2 helmet
rElec    +         Reflect  .   u - +0 cloak {MR+}
rCorr    .         Harm     .   (no gloves)
MR       +....                  (no boots)
Stlth    ..........             b - amulet of inaccuracy (curse)
HPRegen  0.11/turn              h - ring of protection from cold
MPRegen  0.09/turn              (no ring)

@: no status effects
A: negative energy resistance 1, electricity resistance, unbreathing,
petrification resistance, rot immunity, AC +4
a: no special abilities


You were on level 2 of the Dungeon.
You were hungry.

You visited 1 branch of the dungeon, and saw 3 of its levels.

You collected 156 gold pieces.

Inventory:

Hand Weapons
 a - a +0 flail (weapon)
 p - a +2 hunting sling of freezing
Missiles
 m - 2 boomerangs (quivered)
 n - 5 silver boomerangs
Armour
 c - a +0 kite shield (worn)
 i - a +2 helmet (worn)
 o - a +2 ring mail of poison resistance (worn)
 u - a +0 cloak of magic resistance (worn)
Jewellery
 b - a cursed amulet of inaccuracy (around neck)
 h - a ring of protection from cold (left hand)
Wands
 s - a wand of flame (15)
Scrolls
 g - a scroll of enchant weapon
 l - a scroll of fear
 r - 2 scrolls of teleportation
 t - a scroll of amnesia {unknown}
Potions
 d - a potion of might
 j - 2 potions of brilliance {unknown}
 q - a potion of magic {unknown}
Comestibles
 f - 2 rations
 v - 2 chunks of flesh


   Skills:
 + Level 4.0 Fighting
 * Level 3.3 Maces & Flails
 + Level 1.0 Throwing
 + Level 3.9 Armour
 + Level 0.6 Dodging
 + Level 4.1 Shields


You had 4 spell levels left.
You didn't know any spells.
Your spell library was empty.

Dungeon Overview and Level Annotations

Branches:
Dungeon (3/15)

Altars:
Fedhas

Annotations:
D:2 Purgy
D:3 Ijyb


Innate Abilities, Weirdness & Mutations

You are resistant to torment.
Your stone body is resilient. (AC +4)
You are immune to poison.
You resist negative energy. (rN+)
You are resistant to electric shocks. (rElec)
You can survive without breathing.
You are immune to petrification.
You are immune to rotting.


Message History

You throw a boomerang. The boomerang closely misses Purgy.
Purgy hisses, "I bite!"
Purgy bites you but does no damage. Purgy claws you but does no damage.
Purgy claws you. Purgy barely misses you. You block Purgy's attack.
Purgy closely misses you.
You closely miss Purgy.
Purgy is heavily wounded.
Purgy bites you. Purgy claws you but does no damage. Purgy claws you.
* * * LOW HITPOINT WARNING * * *
Your shield prevents you from hitting Purgy.
Purgy is heavily wounded.
Purgy bites you.
* * * LOW HITPOINT WARNING * * *
Purgy claws you but does no damage. x2
You miss Purgy.
Purgy is heavily wounded.
You block Purgy's attack. Purgy claws you but does no damage. Purgy claws you.
* * * LOW HITPOINT WARNING * * *
Purgy bites you.
You die...

# #.#.## ##............_.......
####....####........#..#...######
...........'........#..##.## #.#
####....####........#.....# #.#
##..## ##.......#.....# #.# #.##
##.....######.### #.# #.# ##...##
#....# #.# #.# ##'## #....###.#
#.# #@# #........# #.# #T#
###.###### #.##########.## #.#
#.#.......>)..## #.#
#.#.######.....# #.#
#.#.#######....# #.# #.......#
#..#.#######.#
###.###.###.(..........#
#.###......<##########


You could see Purgy.

Vanquished Creatures
  Crazy Yiuf (D:2)
  Robin (D:2)
  3 gnolls (D:2)
  An adder (D:3)
  An ooze (D:1)
  4 dart slugs (D:1)
  3 leopard geckos
  4 orcs (D:2)
  A ball python (D:1)
  7 bats
  4 giant cockroaches
  7 goblins
  10 hobgoblins
  2 jackals (D:1)
  3 frilled lizards (D:2)
  5 kobolds
  4 rats (D:1)
61 creatures vanquished.

Notes
Turn   | Place    | Note
-------+----------+-------------------------------------------
     0 | D:1      | Elvor the Gargoyle Fighter began the quest for the Orb.
     0 | D:1      | Reached XP level 1. HP: 14/14 MP: 1/1
   228 | D:1      | Reached XP level 2. HP: 17/19 MP: 2/2
   549 | D:1      | Reached XP level 3. HP: 24/24 MP: 3/3
  1003 | D:2      | HP: 1/24 [orc/+0 flail (7)]
  1097 | D:2      | Found a runed translucent door.
  1098 | D:2      | Noticed Crazy Yiuf
  1120 | D:2      | Reached XP level 4. HP: 9/29 MP: 4/4
  1196 | D:2      | Noticed Robin
  1257 | D:2      | Killed Robin
  1371 | D:2      | Found a blossoming altar of Fedhas.
  1763 | D:3      | Reached XP level 5. HP: 4/33 MP: 5/5
  2501 | D:2      | Killed Crazy Yiuf
  2501 | D:2      | Reached skill level 1 in Throwing
  2608 | D:3      | Noticed Purgy
  2609 | D:3      | Noticed Ijyb
  2655 | D:2      | Slain by Purgy

Illustrated notes

Levels and vault maps discovered:
D:1:      co_arrival_random_square_maze, layout_basic,
          chequers_serial_rivers_large_a
D:2:      layout_loops_corners, nicolae_overflow_crystal_walls, minmay_circle_x,
          uniq_crazy_yiuf_cottage, uniq_robin
D:3:      layout_basic, led_sif_pool, uniq_ijyb, uniq_purgy

Skill      XL: |  1  2  3  4  5 |
---------------+----------------+-----
Maces & Flails | 3 |  3.3
Shields        | 4 |  4.1
Fighting       | 4 |  4.0
Throwing       | 1 |  1.0
Armour         | |  3.9
Dodging        | |  0.6

Action                   |  1- 3 |  4- 6 || total
-------------------------+-------+-------++-------
Melee: Flail             |   167 |   219 ||   386
Throw: Dart              |       |    56 ||    56
       Boomerang         |       |     3 ||     3
  Use: Scroll            |       |     3 ||     3
  Eat: Chunk             |     1 |     5 ||     6
Armor: Scale mail        |    88 |       ||    88
       Ring mail         |     6 |   177 ||   183
Dodge: Dodged            |    55 |   126 ||   181
Block: Kite shield       |    84 |   159 ||   243
